 Dungeon Crawl Stone Soup version 0.31-a0-229-g1fc7ce93e2 (webtiles) character file.

Game seed: 17004107032266383370

71 Aneyh the Poker (level 4, -5/29 HPs)
             Began as a Tengu Monk on July 6, 2023.
             Slain by a river rat (7 damage)
             ... on level 3 of the Dungeon.
             The game lasted 00:05:03 (1390 turns).

Aneyh the Poker (Tengu Monk)                        Turns: 1390, Time: 00:05:04

Health: -5/29      AC:  3    Str: 20    XL:     4   Next: 24%
Magic:  5/5        EV: 13    Int: 10    God:
Gold:   87         SH:  0    Dex: 16    Spells: 3/3 levels left

rFire   . . .        a - +0 trident
rCold   . . .        (no shield)
rNeg    . . .        f - +0 leather armour
rPois   .            (helmet restricted)
rElec   .            (no cloak)
rCorr   .            (no gloves)
SInv    .            (boots unavailable)
Will    +....        (no amulet)
Stlth   +            k - +6 ring of strength
HPRegen 0.24/turn    (no ring)
MPRegen 0.09/turn

%: no passive effects
@: enlightened, flying
A: beak, talons 3
a: no special abilities


You were on level 3 of the Dungeon.
You visited 1 branch of the dungeon, and saw 3 of its levels.

You collected 87 gold pieces.

Inventory:

Hand Weapons
 a - a +0 trident (weapon)
 b - a +3 short sword of draining
 q - a +0 spear
Armour
 d - an orb of light
 f - a +0 leather armour (worn)
 j - a +0 buckler
 o - a +0 robe
Jewellery
 k - a +6 ring of strength (left hand)
 r - an amulet of the acrobat
Scrolls
 h - 2 scrolls of teleportation {unknown}
 l - a scroll of immolation {unknown}
 m - a scroll of vulnerability {unknown}
 n - a scroll of blinking {unknown}
 p - a scroll of identify {unknown}
Potions
 e - a potion of mutation {unknown}
 g - a potion of heal wounds {unknown}
 i - a potion of attraction {unknown}
 s - a potion of resistance {unknown}


   Skills:
 * Level 4.2 Fighting
 + Level 4.3 Polearms
 - Level 3.3 Dodging


You had 3 spell levels left.
You didn't know any spells.
Your spell library contained the following spells:

 Spells                   Type           Power      Damage    Failure   Level
 Apportation              Tloc           0%         N/A       41%         1
 Summon Small Mammal      Summ           0%         N/A       41%         1
 Call Canine Familiar     Summ           0%         N/A       80%         3
 Summon Guardian Golem    Hex/Summ       0%         N/A       80%         3
 Alistair's Intoxication  Tmut/Pois      0%         N/A       100%        5


Dungeon Overview and Level Annotations

Branches:
Dungeon (3/15)

Altars:

Portals:
Sewer: D:3

Annotations:
D:3 2 transporters, ZoeForever1's ghost, amateur DrTm


Innate Abilities, Weirdness & Mutations

You have a beak for a mouth.
You have claws for feet.


Message History

Found a transporter.
You hear the slow rusting of a distant drain.
Found a dagger.
ZoeForever1's ghost turns its malevolent gaze towards you.
You see here 5 stones.
You now have 87 gold pieces (gained 10).
Found a sedimented white potion.
c - a bubbling inky potion
There is a transporter here.
Found a transporter.
s - a sedimented white potion
Found an escape hatch in the floor.
Found a stone staircase leading down.
A bat comes into view. 3 river rats come into view.
A river rat and a giant cockroach come into view.
Found a glowing drain.
The bat hits you but does no damage. The bat barely misses you.
Reach: a) +0 trident
Press: ? - help, Dir - move target, f - bat
Aim: a bat (about 50% to evade your +0 trident)
You reach to attack!
You hit the bat.
You kill the bat!
Reach: a) +0 trident
Press: ? - help, Dir - move target, f - river rat
Aim: a river rat (about 40% to evade your +0 trident)
You reach to attack!
You hit the river rat.
The river rat is lightly wounded.
The river rat attacks as you move away! The river rat bites you!
You closely miss the river rat.
The river rat is lightly wounded.
The river rat bites you. The river rat attacks as you move away!
The river rat barely misses you. The river rat attacks as you move away!
The river rat bites you!
It was a potion of enlightenment.
You feel very buoyant.
You fly up into the air.
The river rat bites you!
* * * LOW HITPOINT WARNING * * *
The river rat attacks as you move away! The river rat bites you!
You die...

....##...#ZZ....
.........#W.#8#)
.#.......#..###
#
.........#.....
#
##.#.##..#©....
# ...#.
#..#############
#..# #
#...............
#..#
#...............
...#
#####.##@##.
#..#. #...r####
..... ####r...#
#.... #..r## #
... ###..# #
##.# #.# .
#∩~~~†.>>.#
.....
#~~~r.#...#
..#.. #~~~~.
.###


You could see 3 river rats.

Vanquished Creatures
  2 adders
  A worm (D:2)
  2 dart slugs
  An orc (D:3)
  3 bats
  4 endoplasms
  A giant cockroach (D:1)
  6 goblins
  3 hobgoblins
  4 jackals
  3 quokkas
  3 ball pythons
  A frilled lizard (D:1)
  2 kobolds (D:2)
  6 rats
42 creatures vanquished.

Notes
Turn   | Place    | Note
-------+----------+-------------------------------------------
     0 | D:1      | Aneyh the Tengu Monk began the quest for the Orb.
     0 | D:1      | Reached XP level 1. HP: 14/14 MP: 2/2
   203 | D:1      | Reached XP level 2. HP: 15/19 MP: 3/3
   560 | D:1      | Reached XP level 3. HP: 24/24 MP: 4/4
  1314 | D:3      | Reached XP level 4. HP: 21/29 MP: 5/5
  1354 | D:3      | Found a transporter.
  1357 | D:3      | Noticed ZoeForever1's ghost (amateur DrTm)
  1365 | D:3      | Found a transporter.
  1380 | D:3      | Found a glowing drain.
  1387 | D:3      | HP: 1/29 [river rat (8)]
  1390 | D:3      | Slain by a river rat

Illustrated notes

Levels and vault maps discovered:
D:1:      dpeg_arrival_boxes_within_box, layout_basic
D:2:      layout_rooms
D:3:      layout_basic, portal_sewer_entry_b, serial_glass, glass_columns_c,
          glass_columns_a, glass_columns_a, glass_columns_c, glass_columns_a,
          glass_columns_a, gammafunk_ghost_mausoleum

Skill      XL: |  1  2  3 |
---------------+----------+-----
Fighting       | 4 |  4.2
Polearms       | 4 |  4.3
Dodging        | |  3.3

Action                     |  1- 3 |  4- 6 || total
---------------------------+-------+-------++-------
  Melee: Spear             |    74 |       ||    74
         Kick              |    17 |     1 ||    18
         Peck              |    11 |       ||    11
         Trident           |     6 |     6 ||    12
         Short sword       |     6 |       ||     6
    Use: Potion            |     1 |     1 ||     2
 Armour: Robe              |     4 |       ||     4
         Leather armour    |     3 |     2 ||     5
  Dodge: Dodged            |    38 |     3 ||    41

Table legend: (Time is in decaauts)
 A = Elapsed time spent in this place.
 B = Non-inter-level travel time spent in this place.
 C = Inter-level travel time spent in this place.
 D = Time resting spent in this place.
 E = Time spent auto-exploring this place.
 F = Levels seen in this place.
 G = Mean time per level.
                   A        B        C        D        E       F      G
               +--------+--------+--------+--------+--------+-----+--------+
         Total |   1383 |   1261 |    122 |      0 |    924 |   3 |  461.0 |
       Dungeon |   1383 |   1261 |    122 |      0 |    924 |   3 |  461.0 |
               +--------+--------+--------+--------+--------+-----+--------+

Top non-repeatable levels by time:
     D:1: 826 daAuts
     D:2: 421 daAuts
     D:3: 135 daAuts
